 Dungeon Crawl Stone Soup version 0.24.0-123-gd5b16e6ec5 (webtiles) character file.

Game seed: 1067573091447690125, levelgen mode: deterministic

11 Johnny the Digger (level 2, -6/20 HPs)
             Began as a Demigod Earth Elementalist on Feb 2, 2020.
             Mangled by a large abomination (13 damage)
             ... on level 3 of the Abyss.
             The game lasted 00:02:01 (569 turns).

Johnny the Digger (Demigod Earth Elementalist)       Turns: 569, Time: 00:02:02

Health: -6/20      AC:  5    Str: 11    XL:     2   Next: 6%
Magic:  3/7        EV: 12    Int: 24    God:
Gold:   39         SH:  0    Dex: 16    Spells: 4/5 levels left

rFire    . . .     SeeInvis .   (no weapon)
rCold    . . .     Gourm    .   (no shield)
rNeg     . . .     Faith    .   c - +0 robe
rPois    .         Spirit   .   (no helmet)
rElec    .         Reflect  .   (no cloak)
rCorr    .         Harm     .   g - +2 pair of gloves
MR       .....                  (no boots)
Stlth    ++........             (no amulet)
HPRegen  0.06/turn              (no ring)
MPRegen  0.10/turn              (no ring)

@: brilliant
A: high mp 1
a: no special abilities


You were on level 3 of the Abyss.
You were not hungry.

You visited 1 branch of the dungeon, and saw 1 of its levels.
You visited the Abyss 1 time.

You collected 39 gold pieces.

Inventory:

Missiles
 b - 28 stones (quivered)
Armour
 c - a +0 robe (worn)
 g - a +2 pair of gloves (worn)
Magical Staves
 k - an uncursed staff of wizardry {unknown}
Scrolls
 a - a scroll of teleportation
Potions
 e - a potion of brilliance
 h - a potion of curing
Comestibles
 d - 2 rations


   Skills:
 - Level 1.7 Dodging
 - Level 1.7 Stealth
 + Level 2.1 Spellcasting
   Level 0.8 Transmutations
 + Level 3.0 Earth Magic


You had 4 spell levels left.
You knew the following spells:

 Your Spells              Type           Power        Failure   Level  Hunger
a - Sandblast             Erth           ####..       1%          1    None

Your spell library contained the following spells:

 Spells                   Type           Power        Failure   Level  Hunger
 Passwall                 Tmut/Erth      ####....     1%          2    ##.....
 Stone Arrow              Conj/Erth      ###...       2%          3    ###....
 Petrify                  Tmut/Erth      ####....     6%          4    ####...
 Lee's Rapid Deconstruct  Erth           ####......   11%         5    ######.


Dungeon Overview and Level Annotations

Branches:
Dungeon (1/15)


Innate Abilities, Weirdness & Mutations

You have an increased reservoir of magic. (+10% MP)


Message History

Casting: Sandblast (safe; 1% risk of failure)
Confirm with . or Enter, or press ? or * to list all spells.
Aiming: Sandblast (safe; 1% risk of failure)
Press: ? - help, Shift-Dir - straight line, f/p - large abomination
Aim: a large abomination (lightly damaged)
The blast of sand hits the large abomination but does no damage.
The large abomination is lightly damaged.
b - 29 stones The large abomination hits you but does no damage.
Casting: Sandblast (safe; 1% risk of failure)
Confirm with . or Enter, or press ? or * to list all spells.
Aiming: Sandblast (safe; 1% risk of failure)
Press: ? - help, Shift-Dir - straight line, f/p - large abomination
Aim: a large abomination (lightly damaged)
The blast of sand hits the large abomination!
The large abomination is lightly damaged.
b - 28 stones The large abomination hits you!
Ouch! That really hurt!
You die...

#§# .#.#
#§###..#
##§#§.#
.#§§.##
#.§§§.#
#..#..#
#..§###
#X#.#
#@## ###


You could see a large abomination.

Vanquished Creatures
  2 leopard geckos (D:1)
  3 bats (D:1)
  2 hobgoblins (D:1)
  A frilled lizard (D:1)
  A kobold (D:1)
  A rat (D:1)
10 creatures vanquished.

Notes
Turn   | Place    | Note
-------+----------+-------------------------------------------
     0 | D:1      | Johnny the Demigod Earth Elementalist began the quest for
                  | the Orb.
     0 | D:1      | Reached XP level 1. HP: 14/14 MP: 5/5
    41 | D:1      | Reached skill level 3 in Earth Magic
   317 | D:1      | Reached XP level 2. HP: 20/20 MP: 5/7
   403 | D:1      | Cast into level 2 of the Abyss (a distortion unwield)
   423 | Abyss:2  | Noticed a lich
   473 | Abyss:2  | Noticed a neqoxec
   476 | Abyss:2  | Noticed a worldbinder
   524 | Abyss:3  | Noticed a small abomination
   562 | Abyss:3  | Noticed a large abomination
   569 | Abyss:3  | Mangled by a large abomination

Levels and vault maps discovered:
D:1:      lightli_arrival_maybe_door_vault, layout_basic,
          chequers_serial_rivers_small_a, minmay_pentomino_p4
Abyss:3:  evilmike_abyss_exit_smiterflies, base: D:1,
          hangedman_classic_abyss_death

Skill      XL: |  1 |
---------------+----+-----
Spellcasting   | 2 |  2.1
Earth Magic    | 3 |  3.0
Dodging        | |  1.7
Stealth        | |  1.7
Transmutations | |  0.8

Action                   || total
-------------------------++-------
Melee: Unarmed           ||     7
       Dagger            ||     4
 Cast: Sandblast         ||    12
  Use: Scroll            ||     4
       Potion            ||     2
 Stab: Sleeping          ||     1
Armor: Robe              ||     4
Dodge: Dodged            ||    15
